 Dungeon Crawl Stone Soup version 0.30.1-9-gdf580d7c3d (webtiles) character file.

Game seed: 8853314263255732345

29780 Wiggles the Severer (level 13, -1/119 HPs)
             Began as a Minotaur Berserker on Oct 19, 2023.
             Was a High Priest of Trog.
             Shot with an arrow by Nessos (9 damage)
             ... on level 4 of the Lair of Beasts.
             The game lasted 00:25:32 (13118 turns).

Wiggles the Severer (Minotaur Berserker)           Turns: 13118, Time: 00:25:33

Health: -1/119     AC: 24    Str: 28    XL:     13   Next: 17%
Magic:  12/12      EV: 14    Int:  4    God:    Trog [*****.]
Gold:   802        SH:  8    Dex: 13    Spells: 12/12 levels left

rFire   . . .        n - +6 broad axe "Meyxuxur" {heavy, Dex+2}
rCold   . . .        Z - +0 kite shield
rNeg    . . .        S - +3 plate armour
rPois   +            (helmet restricted)
rElec   .            M - +0 cloak
rCorr   .            (no gloves)
SInv    +            f - +2 pair of boots
Will    .....        x - amulet of faith Stlth
                     H - ring "Zudditif" {rPois Will- EV+5 Str+2}
HPRegen 0.39/turn    a - ring of see invisible
MPRegen 0.13/turn

%: faith
@: lethally poisoned (-1 -> -5), on berserk cooldown
A: horns 2, retaliatory headbutt
a: Renounce Religion, Berserk, Trog's Hand, Brothers in Arms


You were on level 4 of the Lair of Beasts.
You worshipped Trog.
Trog was extremely pleased with you.
You visited 2 branches of the dungeon, and saw 15 of its levels.
You also visited: Ossuary.

You collected 818 gold pieces.
You spent 16 gold pieces at shops.

Inventory:

Hand Weapons
 n - the +6 broad axe "Meyxuxur" (weapon) {heavy, Dex+2}
   (Trog gifted it to you on level 1 of the Lair of Beasts)

   Dex:       It affects your dexterity (+2).
 v - a +4 battleaxe of electrocution
Missiles
 p - 2 throwing nets (quivered)
Armour
 f - a +2 pair of boots (worn)
 M - a +0 cloak (worn)
 S - a +3 plate armour (worn)
 Z - a +0 kite shield (worn)
Jewellery
 a - a ring of see invisible (right hand)
 m - a ring of flight
 o - a ring of protection from fire
 x - an amulet of faith (around neck)
 C - an amulet of reflection
 H - the ring "Zudditif" (left hand) {rPois Will- EV+5 Str+2}
   (You found it on level 6 of the Dungeon)

   [ring of evasion]

   EV:        It affects your evasion (+5).
   Str:       It affects your strength (+2).
   rPois:     It protects you from poison.
   Will:      It decreases your willpower.
 K - a ring of protection from fire
 O - an amulet of regeneration
 Q - a ring of willpower
Wands
 y - a wand of acid (8)
 B - a wand of roots (28)
 L - a wand of polymorph (11)
 P - a wand of digging (3)
 U - a wand of charming (1)
 V - a wand of flame (17)
Scrolls
 g - 6 scrolls of teleportation
 i - 5 scrolls of silence
 l - 6 scrolls of magic mapping
 F - 3 scrolls of blinking
 T - 2 scrolls of enchant weapon
 X - a scroll of fog
 Y - a scroll of identify
Potions
 d - 10 potions of curing
 e - 4 potions of haste
 j - 6 potions of mutation
 q - a potion of flight
 r - 3 potions of magic
 s - a potion of ambrosia
 u - 2 potions of heal wounds
 w - 5 potions of might
 A - 2 potions of lignification
 G - 2 potions of resistance
 I - a potion of invisibility
 J - 2 potions of berserk rage
 N - a potion of cancellation


   Skills:
 + Level 12.7 Fighting
 + Level 18.1 Axes
 + Level 13.8 Armour
 + Level 6.3 Dodging
 + Level 2.1 Stealth
 + Level 3.6 Shields


You had 12 spell levels left.
You didn't know any spells.
Your spell library was empty.

Dungeon Overview and Level Annotations

Branches:
Dungeon (11/15)            Temple (0/1) D:4            Lair (4/5) D:8
 Shoals (0/4) Lair:3        Snake (0/4) Lair:3      Ossuary (visited)
  Slime: Lair:4-5       Orc: D:9-12

Altars:
Fedhas
The Shining One

Shops:
D:9 (?*(

Annotations:
Lair:4 Nessos


Innate Abilities, Weirdness & Mutations

You have a pair of horns on your head.
You reflexively headbutt those who attack you in melee.


Message History

You block the arrow.
You feel sick.
Nessos shoots an arrow.
The arrow hits you! The arrow burns you.
Nessos shoots an arrow.
The arrow barely misses you.
Nessos mumbles some strange words.
Nessos blinks!
You swap places.
You feel sick.
Nessos shoots an arrow.
The arrow hits you but does no damage.
Nessos shoots an arrow.
The arrow hits your iron troll! The arrow burns your iron troll.
Your iron troll is poisoned.
You feel sick.
Nessos shoots an arrow.
The arrow hits you! The arrow burns you.
Nessos shoots an arrow.
You block the arrow.
Nessos shoots an arrow.
The arrow hits your iron troll! The arrow burns your iron troll.
Your iron troll looks as sick as possible!
You feel sick.
You are no longer poisoned.
Nessos shoots an arrow.
The arrow barely misses you.
Nessos gestures wildly while chanting.
Nessos blinks!
Nessos casts a spell.
Nessos blinks!
Your iron troll rages.
Nessos mumbles some strange words.
Nessos blinks!
Nessos pounds the earth with their hooves.
Nessos gestures wildly while chanting.
Nessos blinks!
Nessos shoots an arrow.
The arrow barely misses you. The arrow hits your iron troll!
Nessos shoots an arrow.
The arrow hits you.
* * * LOW HITPOINT WARNING * * *
The arrow burns you.
You are poisoned.
* * * LOW HITPOINT WARNING * * *
There is a stone staircase leading down, spattered with blood here.
You feel yourself speed up.
You feel very sick.
Nessos mumbles some strange words.
Nessos blinks!
Nessos shoots an arrow.
You block the arrow.
You feel sick.
Nessos shoots an arrow.
The arrow hits you!!
* * * LOW HITPOINT WARNING * * *
The arrow burns you!
You die...

..#..[.....<........
....................
......c......†......
?....P#.....<.......
##..>....[...#......
.#....§..#......~~~~~
................~###~
.........>......~#
........@..T....~#
.#...........#.~~~
#.........#...#....
#.###....#....# ...
#........... ..
...............
#.............#.
.......##....###
...#...# #....


You could see Nessos (fast, ally target) and a friendly iron troll (summoned,
berserk, very poisoned).

Vanquished Creatures
  Josephine (D:11)
  A catoblepas (Lair:3)
  A hydra (Lair:2)
  2 two-headed ogres
  Urug (Lair:2)
  Amaemon (Lair:3)
  An obsidian statue (D:9)
  Pikel (D:6)
  An oklob plant (Lair:3)
  A salamander (Lair:3)
  A cyclops (D:11)
  A spectral centaur (D:9)
  A manticore (D:11)
  A merfolk siren (Lair:3)
  Joseph (D:7)
  An orange demon (Lair:3)
  4 black mambas (Lair:2)
  9 cane toads
  A rime drake (Lair:1)
  Maggie (Lair:2)
  5 komodo dragons
  A merfolk (Lair:3)
  A polar bear (Lair:3)
  3 trolls (D:11)
  A hornet (D:9)
  6 blink frogs (Lair:3)
  A meliai zombie (D:9)
  A centaur simulacrum (D:9)
  A shadow (D:9)
  6 wraiths
  2 basilisks
  3 wyverns
  24 yaks
  A steam dragon (D:8)
  Menkaure (D:7)
  3 wargs (D:8)
  2 acid dragons
  11 water moccasins
  Duvessa (D:6)
  An orc warrior (D:10)
  2 sky beasts
  4 centaurs
  3 wolves (Lair:1)
  A phantom (D:4)
  2 lemures (D:6)
  A kobold brigand (D:8)
  7 bullfrogs
  17 scorpions
  3 gnoll sergeants
  8 wights
  Dowan (D:6)
  10 killer bees
  4 howler monkeys
  3 electric eels
  2 lava snakes (Lair:3)
  A centaur zombie (Ossuary)
  3 hounds
  A human zombie (Ossuary)
  A jelly (D:5)
  2 orc priests
  2 scorpion zombies (Ossuary)
  An iguana (D:4)
  4 orc wizards
  7 hell rats (Lair:2)
  3 mummies (Ossuary)
  Robin (D:2)
  21 gnolls
  18 adders
  A shadow imp (D:6)
  3 white imps
  2 ufetubi
  A dart slug (D:1)
  42 orcs
  4 bats
  11 endoplasms
  2 giant cockroaches
  5 gnoll zombies (Ossuary)
  15 goblins
  9 hobgoblins
  2 jackals (D:2)
  7 quokkas
  4 ball pythons
  4 frilled lizards
  3 goblin zombies (Ossuary)
  2 hobgoblin zombies (Ossuary)
  18 kobolds
  A kobold zombie (Ossuary)
  2 orc zombies (Ossuary)
  7 rats
385 creatures vanquished.

Vanquished Creatures (collateral kills)
  The ghost of middlethird the Grappler, a novice VSTm of Cheibriados (D:9)
  2 spectral centaurs (D:9)
  A centaur simulacrum (D:9)
4 creatures vanquished.

Grand Total: 389 creatures vanquished

Notes
Turn   | Place    | Note
-------+----------+-------------------------------------------
     0 | D:1      | Wiggles the Minotaur Berserker began the quest for the Orb.
     0 | D:1      | Reached XP level 1. HP: 19/19 MP: 0/0
    65 | D:1      | Reached XP level 2. HP: 20/27 MP: 1/1
    67 | D:1      | Reached skill level 4 in Axes
   598 | D:1      | Reached XP level 3. HP: 33/33 MP: 2/2
   822 | D:2      | Reached ** piety under Trog
   949 | D:2      | Noticed Robin
   959 | D:2      | Killed Robin
   960 | D:2      | Reached XP level 4. HP: 31/41 MP: 3/3
  1077 | D:2      | Reached skill level 5 in Axes
  1242 | D:2      | Identified the +0 chain mail of Inquiry {Regen+}
  1982 | D:3      | Reached *** piety under Trog
  2009 | D:3      | Reached XP level 5. HP: 45/47 MP: 4/4
  2530 | D:4      | Reached skill level 5 in Fighting
  2530 | D:4      | Reached skill level 6 in Axes
  2625 | D:4      | Reached XP level 6. HP: 49/56 MP: 5/5
  2750 | D:4      | Found a staircase to the Ecumenical Temple.
  2789 | D:4      | Reached skill level 7 in Axes
  2955 | D:4      | Reached XP level 7. HP: 61/61 MP: 6/6
  3132 | D:5      | Entered Level 5 of the Dungeon
  3135 | D:5      | Reached **** piety under Trog
  3314 | D:5      | Reached skill level 5 in Armour
  3356 | D:5      | Identified the +1 robe of Indemnity {Fly rN+ Dex+5}
  3630 | D:6      | Reached XP level 8. HP: 63/70 MP: 7/7
  3633 | D:6      | Reached skill level 8 in Axes
  3760 | D:6      | Noticed Duvessa
  3770 | D:6      | Noticed Dowan
  3775 | D:6      | Killed Duvessa
  3775 | D:6      | Killed Dowan
  3867 | D:6      | Found a sand-covered staircase.
  3872 | Ossuary  | Entered an ossuary
  3947 | Ossuary  | Reached skill level 9 in Axes
  4052 | Ossuary  | Reached ***** piety under Trog
  4053 | Ossuary  | Reached skill level 10 in Axes
  4053 | Ossuary  | Reached XP level 9. HP: 72/79 MP: 8/8
  4188 | D:6      | Identified the ring "Zudditif" {rPois Will- EV+5 Str+2}
  4261 | D:6      | Noticed Pikel
  4274 | D:6      | Killed Pikel
  4275 | D:6      | Reached skill level 11 in Axes
  4642 | D:7      | Noticed Menkaure
  4647 | D:7      | Killed Menkaure
  4809 | D:7      | Noticed Joseph
  4831 | D:7      | Killed Joseph
  4832 | D:7      | Reached skill level 12 in Axes
  4832 | D:7      | Reached skill level 5 in Dodging
  5271 | D:7      | Reached XP level 10. HP: 90/90 MP: 9/9
  5664 | D:8      | You fall into a shaft and drop 2 floors!
  5664 | D:10     | Entered Level 10 of the Dungeon
  5783 | D:9      | Found Hiehime's Antique Weapon Shoppe.
  5837 | D:8      | Found a staircase to the Lair.
  5854 | D:8      | Reached skill level 13 in Axes
  5952 | D:8      | Received a gift from Trog
  6431 | D:9      | Found Teplaw's Antique Weapon Shop.
  6501 | D:9      | Found Liogeif's Magic Scroll Shoppe.
  6526 | D:9      | Found Fibloque's Assorted Antiques.
  6535 | D:9      | Bought a scroll labelled ZUCODOJAID for 16 gold pieces
  6703 | D:9      | Noticed an obsidian statue
  6733 | D:9      | Found a runed translucent gate.
  6733 | D:9      | Found a runed translucent gate.
  6734 | D:9      | Found a runed translucent gate.
  6735 | D:9      | Noticed a spectral centaur warrior
  6735 | D:9      | Noticed a spectral centaur warrior
  6782 | D:9      | Noticed a sun demon
  6786 | D:9      | Killed an obsidian statue
  6787 | D:9      | Reached skill level 14 in Axes
  6808 | D:9      | Noticed a spectral centaur warrior
  6808 | D:9      | Noticed middlethird's ghost (novice VSTm)
  7178 | D:9      | Killed a spectral centaur warrior
  7179 | D:9      | Reached skill level 10 in Fighting
  7181 | D:9      | Killed a spectral centaur warrior
  7182 | D:9      | Reached skill level 10 in Armour
  7182 | D:9      | Killed middlethird's ghost
  7183 | D:9      | Reached XP level 11. HP: 100/100 MP: 3/10
  7774 | D:10     | Reached skill level 1 in Stealth
  7921 | D:10     | Noticed a two-headed ogre
  7927 | D:10     | Killed a two-headed ogre
  8020 | D:10     | Found a blossoming altar of Fedhas.
  8471 | D:11     | Found the +5 Force Lance {heavy, knockback}
  8491 | D:11     | Noticed Josephine
  8499 | D:11     | Killed Josephine
  8500 | D:11     | Reached skill level 15 in Axes
  8500 | D:11     | Reached skill level 1 in Shields
  8918 | D:11     | Noticed a two-headed ogre
  8925 | D:11     | Killed a two-headed ogre
  9300 | Lair:1   | Entered Level 1 of the Lair of Beasts
  9597 | Lair:1   | Identified the +6 broad axe "Meyxuxur" {heavy, Dex+2} (Trog
                  | gifted it to you on level 1 of the Lair of Beasts)
  9597 | Lair:1   | Received a gift from Trog
  9886 | Lair:1   | Reached XP level 12. HP: 92/110 MP: 11/11
 10626 | Lair:2   | Noticed Urug
 10637 | Lair:2   | Killed Urug
 10643 | Lair:2   | Noticed a five-headed hydra
 10648 | Lair:2   | Killed a six-headed hydra
 10652 | Lair:2   | Reached skill level 16 in Axes
 10728 | Lair:2   | Noticed Maggie
 10734 | Lair:2   | Killed Maggie
 11424 | Lair:2   | Reached skill level 17 in Axes
 11501 | Lair:2   | Found the +8 whip "Snakebite" {venom, curare, rPois}
 11579 | Lair:3   | Noticed Amaemon
 11590 | Lair:3   | Killed Amaemon
 11590 | Lair:3   | Received a gift from Trog
 11738 | Lair:3   | Found a staircase to the Snake Pit.
 11770 | Lair:3   | Found a glowing golden altar of the Shining One.
 12011 | Lair:3   | Noticed a catoblepas
 12024 | Lair:3   | Killed a catoblepas
 12151 | Lair:3   | Reached XP level 13. HP: 110/119 MP: 12/12
 12349 | Lair:3   | Reached skill level 18 in Axes
 12771 | Lair:3   | Found a staircase to the Shoals.
 13091 | Lair:4   | Noticed Nessos
 13118 | Lair:4   | Shot with an arrow by Nessos

Illustrated notes

Levels and vault maps discovered:
D:1:      minmay_arrival_checkered_box, layout_basic, serial_forest,
          infiniplex_forest_lined_3, infiniplex_forest_zigzag_2,
          infiniplex_forest_straight_3, infiniplex_forest_lined_corner,
          infiniplex_forest_clump_curved, minmay_octomino_c4
D:2:      layout_loops_corners, minmay_crystal_room, uniq_robin
D:3:      layout_rooms
D:4:      layout_loops_cross, minmay_temple_entry_offerings,
          eino_small_chamber_without_monster
D:5:      layout_rooms
D:6:      layout_cave_pools, nicolae_ossuary_entry_plus, uniq_duvessa,
          uniq_pikel
D:7:      layout_loops_corners, minmay_hedge_maze, dk_rats_in_the_wall,
          uniq_joseph, uniq_menkaure
D:8:      layout_rooms, erik_lair_orcish_takeover
D:9:      minmay_statue_hallways, layout_rooms, serial_shops, shop,
          nicolae_shop_advertising_works [nicolae_subvault_shop_adworks],
          nicolae_shop_tiny_glass, nicolae_shop_tiny_waterfront,
          gammafunk_ghost_necromancy
D:10:     minmay_inner_zag, layout_loops_ring, mainiacjoe_overflow_alcove_2,
          serial_rivers, chequers_serial_rivers_small_b,
          chequers_serial_rivers_large_a, chequers_serial_rivers_micro_c,
          chequers_serial_rivers_small_a, chequers_serial_rivers_large_b,
          minmay_misc_feat_ornament
D:11:     layout_roguey, uniq_josephine
Lair:1:   layout_regular_city, infiniplex_staircase_pool_2,
          serial_bayou_shore_a, serial_bayou_shore_b
Lair:2:   minmay_guarded_unrand_snakebite, layout_loops_ring, uniq_urug,
          uniq_maggie
Lair:3:   layout_cave_pods, elwin_shoals_entry_rooms,
          nicolae_snake_entry_warm_welcome, minivault_24, lemuel_oklob_altar,
          uniq_amaemon
Lair:4:   layout_gridlike, dpeg_slime_entry_enclosed,
          chequers_serial_rivers_room_a, uniq_nessos

Skill      XL: |  1  2  3  4  5  6  7  8  9 10 11 12 13 |
---------------+----------------------------------------+-----
Axes           | 4 5 6 7 10 12 14 15 17 18 | 18.1
Fighting       | 4 5 6 7 8 10 11 12 | 12.7
Armour         | 3 4 5 7 8 10 12 13 | 13.8
Dodging        | 3 4 5 6 |  6.3
Stealth        | 2 |  2.1
Shields        | 2 3 |  3.6

Action                     |  1- 3 |  4- 6 |  7- 9 | 10-12 | 13-15 || total
---------------------------+-------+-------+-------+-------+-------++-------
  Melee: Hand axe          |    54 |    17 |       |   243 |       ||   314
         Headbutt          |     8 |    19 |    49 |    81 |     6 ||   163
         War axe           |       |   133 |   246 |    57 |       ||   436
         Punch             |       |     1 |     2 |     1 |       ||     4
         Broad axe         |       |       |       |   155 |    41 ||   196
 Invoke: Berserk           |     2 |     1 |     3 |     5 |     1 ||    12
         Brothers in Arms  |       |       |       |     2 |     1 ||     3
    Use: Scroll            |       |       |       |    32 |     1 ||    33
         Potion            |       |       |       |       |     3 ||     3
   Stab: Distracted        |       |       |       |     1 |       ||     1
 Armour: Animal skin       |     1 |       |       |       |       ||     1
         Ring mail         |    17 |    14 |       |       |       ||    31
         Chain mail        |       |    89 |   112 |    56 |       ||   257
         Skin              |       |       |    17 |       |       ||    17
         Plate armour      |       |       |       |   113 |    32 ||   145
  Dodge: Dodged            |    31 |    91 |   165 |   293 |    33 ||   613
  Block: Buckler           |       |       |       |    40 |     8 ||    48
         Kite shield       |       |       |       |       |    19 ||    19
